 Dungeon Crawl Stone Soup version 0.26-a0-466-g989023bd0d (webtiles) character file.

Game seed: 12051524458215038524

14304 maelyeog the Covered (level 11, 0/65 HPs)
             Began as a Deep Elf Summoner on Aug 5, 2020.
             Was an Elder of Fedhas.
             Killed from afar by Jorgrun (31 damage)
             ... with an iron shot
             ... on level 12 of the Dungeon.
             The game lasted 00:52:43 (18203 turns).

maelyeog the Covered (Deep Elf Summoner)           Turns: 18203, Time: 00:52:44

Health: 0/65       AC: 17    Str:  8    XL:     11   Next: 87%
Magic:  21/21      EV:  7    Int: 21    God:    Fedhas [****..]
Gold:   742        SH: 11    Dex: 15    Spells: 18/24 levels left

rFire    . . .     SeeInvis .   s - +3 flail (protect)
rCold    + . .     Faith    .   z - +2 kite shield {rN+}
rNeg     + + .     Spirit   .   t - +2 scale mail {rC+}
rPois    +         Reflect  .   F - +0 helmet
rElec    .         Harm     .   (no cloak)
rCorr    .                      v - +2 pair of gloves of Perpetual Drought {rN+ Regen+}
MR       +....                  n - +1 pair of boots
Stlth    +.........             (no amulet)
HPRegen  1.00/turn              (no ring)
MPRegen  0.17/turn              (no ring)

@: no status effects
A: low mp 1, poison resistance, regeneration 1
a: Wall of Briars, Grow Ballistomycete, Overgrow, Renounce Religion


You were on level 12 of the Dungeon.
You worshipped Fedhas.
Fedhas was greatly pleased with you.
You visited 2 branches of the dungeon, and saw 14 of its levels.

You collected 797 gold pieces.
You spent 55 gold pieces at shops.

Inventory:

Hand Weapons
 b - a +0 club
 d - a +0 dagger
 s - a +3 flail of protection (weapon)
Missiles
 c - 11 poisoned darts (quivered)
 f - 15 boomerangs
 H - 7 silver boomerangs
Armour
 a - a +0 robe
 j - a +0 ring mail
 n - a +1 pair of boots (worn)
 t - a +2 scale mail of cold resistance (worn)
 v - the +2 pair of gloves of Perpetual Drought (worn) {rN+ Regen+}
   (You found it on level 4 of the Dungeon)

   It protects you from negative energy.
   It increases your rate of regeneration.
 z - a +2 kite shield of positive energy (worn)
 D - a +0 buckler
 F - a +0 helmet (worn)
 I - the +1 pair of gloves "Quutt" {rElec rPois}
   (You found it on level 6 of the Dungeon)

   It insulates you from electricity.
   It protects you from poison.
Wands
 y - a wand of enslavement (9)
 B - a wand of random effects (23)
 G - a wand of clouds (4)
 J - a wand of acid (18)
Scrolls
 e - 2 scrolls of fog
 g - 8 scrolls of identify
 h - a scroll of enchant weapon
 i - 2 scrolls of noise
 l - 3 scrolls of amnesia
 m - 10 scrolls of remove curse
 r - 4 scrolls of enchant armour
Potions
 k - 2 potions of flight {unknown}
 o - a potion of cancellation {unknown}
 p - 4 potions of brilliance
 q - a potion of mutation
 u - 3 potions of stabbing
 w - 4 potions of ambrosia
 A - a potion of magic
 C - a potion of heal wounds
 E - 3 potions of curing
 M - 2 potions of lignification {unknown}
Miscellaneous
 L - a lightning rod (4/4)


   Skills:
 * Level 6.3 Fighting
 - Level 0.5 Short Blades
 + Level 7.0 Maces & Flails
 + Level 4.8 Throwing
 * Level 7.6 Armour
 - Level 2.4 Dodging
 - Level 2.4 Stealth
 + Level 4.7 Shields
 - Level 7.0 Spellcasting
 - Level 7.3 Summonings
 * Level 6.6 Invocations
 + Level 0.6 Evocations


You had 18 spell levels left.
You knew the following spells:

 Your Spells              Type           Power        Failure   Level
a - Summon Small Mammal   Summ           ####         12%         1
b - Call Imp              Summ           #####...     17%         2
c - Call Canine Familiar  Summ           #####...     34%         3

Your spell library contained the following spells:

 Spells                   Type           Power        Failure   Level
 Summon Guardian Golem    Hex/Summ       ###.....     83%         3
 Animate Skeleton         Necr           #.....       93%         1
 Apportation              Tloc           #.....       93%         1
 Beastly Appendage        Tmut           #.....       93%         1
 Corona                   Hex            #......      93%         1
 Sandblast                Erth           #.....       93%         1
 Shock                    Conj/Air       #...         93%         1
 Ensorcelled Hibernation  Hex/Ice        #.....       98%         2
 Passwall                 Tmut/Erth      #.......     98%         2
 Swiftness                Air            #.......     98%         2
 Wereblood                Tmut           #.......     98%         2
 Summon Ice Beast         Ice/Summ       ###.....     99%         4
 Summon Lightning Spire   Summ/Air       ###.....     99%         4
 Confusing Touch          Hex            #.......     100%        3
 Dazzling Flash           Conj/Hex       #.....       100%        3
 Gell's Gravitas          Tloc           #.........   100%        3
 Spider Form              Tmut/Pois      #.........   100%        3
 Static Discharge         Conj/Air       #.......     100%        3
 Stone Arrow              Conj/Erth      #.....       100%        3
 Tukima's Dance           Hex            #.......     100%        3
 Airstrike                Air            #.........   100%        4
 Ice Form                 Ice/Tmut       #.......     100%        4
 Petrify                  Tmut/Erth      #.......     100%        4
 Blade Hands              Tmut           #.........   100%        5
 Lee's Rapid Deconstruct  Erth           #.........   100%        5
 Lightning Bolt           Conj/Air       #.........   100%        5
 Metabolic Englaciation   Hex/Ice        #.........   100%        5
 Yara's Violent Unravell  Hex/Tmut       #.........   100%        5


Dungeon Overview and Level Annotations

Branches:
Dungeon (12/15)            Temple (0/1) D:6            Lair (0/6) D:10
    Orc (2/2) D:11
    Elf: Orc:2

Altars:
Cheibriados
Fedhas
Gozag
Hepliaklqana
Kikubaaqudgha
Makhleb
Ru
Sif Muna
Uskayaw
Vehumet
Wu Jian
Xom
Zin
The Shining One

Shops:
D:4 (   D:6 !   D:7 !   Orc:1 =

Annotations:
D:3 exclusion: downstairs
D:4 exclusion: 2 downstairs, Eustachio
D:8 3 runed translucent doors, night's ghost, novice DrVM
D:9 exclusion: downstairs
D:12 Jorgrun


Innate Abilities, Weirdness & Mutations

Your magical capacity is low. (-10% MP)
Your system is resistant to poisons. (rPois)
Your natural rate of healing is unusually fast.


Message History

c - 11 poisoned darts (gained 2)
Found 17 arrows.
Found a falchion.
You open the door.
Jorgrun Earthshaker comes into view.
He is wielding a staff of earth.
Jorgrun gestures at you while chanting.
Roots burst forth from the earth!
The grasping roots grab you! The grasping roots constrict you!
Found a robe.
Found a stone staircase leading up.
As you read the scroll of fear, it crumbles to dust.
You assume a fearsome visage.
Jorgrun resists with some effort.
The roots lose their grip on you.
Jorgrun hits you with an uncursed staff of earth!
Jorgrun crushes you!
There is an open door here.
Jorgrun gestures at you while chanting. The iron shot hits you!!
You die...
Fedhas appreciates your contribution to the ecosystem.

#..).#.......
##########..†##...###
##.......##...##...# #
#........#.....#......
#........#.....+..[...
#....[...#.....#......
#........#.....#......
#........#.....#......
#..<@.g.##...##
######'####...#
#.............#
#.............#
#.............#
#..)..........#
#.............#
#.............#
#.......(.....#


You could see Jorgrun.

Vanquished Creatures
  Josephine (D:10)
  Erica (D:8)
  A catoblepas (D:10)
  A two-headed ogre (D:11)
  Nergalle (D:11)
  A hell knight (D:10)
  A skeletal warrior (D:10)
  An ugly thing (D:11)
  A manticore (D:10)
  A centaur zombie (D:11)
  A gargoyle (D:10)
  5 hippogriffs
  15 yaks
  A wyvern (D:9)
  5 wraiths (D:10)
  3 water moccasins
  An ice beast (D:7)
  4 orc warriors
  2 wolves (D:7)
  3 centaurs
  4 phantoms
  3 ogres
  A crocodile (D:7)
  2 big kobolds
  4 bullfrogs
  5 scorpions
  4 killer bees (D:8)
  4 wights
  2 vampire bats (D:5)
  4 howler monkeys
  A bullfrog zombie (D:11)
  A quasit (D:7)
  3 jellies
  5 orc priests
  4 bullfrog skeletons
  A centaur skeleton (D:11)
  2 hounds
  7 orc wizards
  2 iguanas
  9 worker ants
  A nameless horror (D:11)
  3 gnolls (D:9)
  9 adders
  A shadow imp (D:8)
  2 white imps (D:10)
  2 ufetubi
  2 oozes (D:4)
  An adder zombie (D:7)
  An adder skeleton (D:7)
  A worm (D:4)
  A dart slug (D:2)
  3 leopard geckos
  22 orcs
  A ball python (D:3)
  3 bat skeletons (D:5)
  A bat zombie (D:5)
  5 giant cockroaches
  4 goblins
  3 hobgoblins
  15 jackals
  A quokka (D:7)
  3 bats
  3 frilled lizards
  13 kobolds
  9 rats
228 creatures vanquished.

Vanquished Creatures (collateral kills)
  Psyche (D:8)
  2 yaks (D:8)
  Grum (D:8)
  Menkaure (D:6)
  Edmund (D:3)
  A black bear (D:9)
  A gnoll (D:3)
  A river rat (D:3)
  4 adders
  An ooze (D:4)
  3 leopard geckos
  7 orcs
  2 ball pythons (D:3)
  2 bats
  A bat zombie (D:5)
  2 giant cockroaches (D:3)
  3 goblins
  3 hobgoblins
  4 jackals
  A quokka (D:3)
  2 frilled lizards
  4 kobolds
  3 rats
  19 ballistomycete spores (D:10)
70 creatures vanquished.

Vanquished Creatures (others)
  4 ballistomycete spores (D:10)
4 creatures vanquished.

Grand Total: 302 creatures vanquished

Notes
Turn   | Place    | Note
-------+----------+-------------------------------------------
     0 | D:1      | maelyeog the Deep Elf Summoner began the quest for the Orb.
     0 | D:1      | Reached XP level 1. HP: 10/10 MP: 6/6
   732 | D:1      | Reached XP level 2. HP: 12/15 MP: 6/8
  1377 | D:1      | Learned a level 2 spell: Call Imp
  1750 | D:2      | Reached skill level 1 in Armour
  2300 | D:2      | Found a faded altar of an unknown god.
  2365 | D:2      | Reached XP level 3. HP: 19/20 MP: 9/9
  2451 | D:2      | Found a radiant altar of Vehumet.
  2457 | D:2      | Found a burning altar of Makhleb.
  2528 | D:2      | Found a blossoming altar of Fedhas.
  2538 | D:2      | Noticed an oklob plant
  2566 | D:2      | Became a worshipper of Fedhas Madash
  2891 | D:2      | Reached skill level 1 in Fighting
  3705 | D:3      | Reached skill level 5 in Summonings
  3866 | D:3      | Reached XP level 4. HP: 25/25 MP: 10/10
  3888 | D:3      | Learned a level 3 spell: Call Canine Familiar
  4244 | D:3      | Found a hazy altar of Hepliaklqana.
  4473 | D:3      | Found an ornate altar of the Wu Jian Council.
  4761 | D:3      | Reached * piety under Fedhas
  5542 | D:4      | Noticed Edmund
  5669 | D:3      | Killed Edmund
  5669 | D:3      | Reached XP level 5. HP: 25/30 MP: 0/12
  6163 | D:4      | Got a pair of bloodstained gloves
  6169 | D:4      | Identified the +2 pair of gloves of Perpetual Drought {rN+
                  | Regen+} (You found it on level 4 of the Dungeon)
  6299 | D:4      | Found Runu's Weapon Emporium.
  6317 | D:3      | Reached XP level 6. HP: 26/35 MP: 14/14
  6590 | D:4      | Reached skill level 1 in Throwing
  6925 | D:4      | Reached skill level 1 in Maces & Flails
  7057 | D:4      | Noticed Eustachio
  7521 | D:4      | Found a glowing golden altar of the Shining One.
  7620 | D:5      | Entered Level 5 of the Dungeon
  7620 | D:5      | Noticed a water moccasin
  7738 | D:5      | Noticed a water moccasin
  7758 | D:5      | Killed a water moccasin
  7758 | D:5      | Reached XP level 7. HP: 21/40 MP: 15/15
  8113 | D:5      | Found a hide-covered altar of Uskayaw.
  8513 | D:5      | Reached ** piety under Fedhas
  8763 | D:5      | Reached skill level 5 in Spellcasting
  8763 | D:5      | Reached XP level 8. HP: 32/46 MP: 17/17
  8926 | D:5      | Found an ancient bone altar of Kikubaaqudgha.
  9919 | D:6      | Gained mutation: You are dopey. (Int -2) [potion of
                  | mutation]
  9919 | D:6      | Gained mutation: You are frail. (-10% HP) [potion of
                  | mutation]
  9919 | D:6      | Lost mutation: You are frail. (-10% HP) [potion of
                  | mutation]
  9920 | D:6      | Lost mutation: You are dopey. (Int -2) [potion of mutation]
  9920 | D:6      | Gained mutation: Your magical capacity is low. (-10% MP)
                  | [potion of mutation]
  9920 | D:6      | Gained mutation: Your system is resistant to poisons.
                  | (rPois) [potion of mutation]
  9920 | D:6      | Gained mutation: Your natural rate of healing is unusually
                  | fast. [potion of mutation]
 10030 | D:6      | Found a staircase to the Ecumenical Temple.
 10084 | D:6      | Noticed Menkaure
 10099 | D:6      | Killed Menkaure
 10383 | D:6      | Found Nuunue's Distillery.
 10433 | D:6      | Got a pair of translucent gloves
 10444 | D:6      | Identified the +1 pair of gloves "Quutt" {rElec rPois} (You
                  | found it on level 6 of the Dungeon)
 10570 | D:6      | Bought a potion of heal wounds for 55 gold pieces
 10707 | D:7      | Reached skill level 1 in Invocations
 10931 | D:7      | Noticed a hippogriff
 10945 | D:7      | Killed a hippogriff
 10945 | D:7      | Reached skill level 1 in Shields
 11107 | D:7      | Found Hyihuips's Distillery.
 11170 | D:7      | Found a sacrificial altar of Ru.
 11170 | D:7      | Found a shimmering blue altar of Sif Muna.
 11519 | D:7      | Reached XP level 9. HP: 26/51 MP: 18/18
 11568 | D:7      | Reached skill level 5 in Armour
 11677 | D:7      | Reached *** piety under Fedhas
 11893 | D:8      | Noticed Psyche
 11913 | D:8      | Killed Psyche
 12102 | D:8      | Noticed Erica
 12176 | D:8      | Killed Erica
 12203 | D:8      | Noticed Grum
 12380 | D:8      | Found a runed translucent gate.
 12380 | D:8      | Found a runed translucent gate.
 12380 | D:8      | Found a runed translucent gate.
 12392 | D:8      | Killed Grum
 12423 | D:8      | Noticed night's ghost (novice DrVM)
 12655 | D:8      | Found an opulent altar of Gozag.
 13549 | D:8      | Reached XP level 10. HP: 49/57 MP: 20/20
 13811 | D:8      | Reached **** piety under Fedhas
 13995 | D:9      | Found a snail-covered altar of Cheibriados.
 14240 | D:9      | Found a glowing golden altar of the Shining One.
 14240 | D:9      | Found a shimmering altar of Xom.
 14555 | D:9      | Found a glowing silver altar of Zin.
 14572 | D:10     | Entered Level 10 of the Dungeon
 14572 | D:10     | Noticed Josephine
 14738 | D:10     | Found a staircase to the Lair.
 14986 | D:10     | Killed Josephine
 14986 | D:10     | Reached skill level 5 in Maces & Flails
 15078 | D:10     | Reached skill level 5 in Fighting
 15167 | D:10     | Found a blossoming altar of Fedhas.
 15167 | D:10     | Noticed a skeletal warrior
 15353 | D:10     | Reached skill level 5 in Invocations
 15434 | D:10     | Noticed a gargoyle
 15454 | D:10     | Killed a gargoyle
 15510 | D:10     | Found a hazy altar of Hepliaklqana.
 15511 | D:10     | Noticed a hell knight
 15512 | D:10     | Noticed a manticore
 15516 | D:10     | Noticed a catoblepas
 15522 | D:10     | Killed a manticore
 15522 | D:10     | Reached XP level 11. HP: 44/64 MP: 14/21
 15548 | D:10     | Killed a skeletal warrior
 15708 | D:10     | Killed a hell knight
 16342 | D:10     | Killed a catoblepas
 16992 | D:11     | Noticed Nergalle
 16992 | D:11     | Noticed a two-headed ogre
 17026 | D:11     | Killed a two-headed ogre
 17223 | D:11     | Killed Nergalle
 17473 | D:11     | Found a staircase to the Orcish Mines.
 17721 | Orc:1    | Entered Level 1 of the Orcish Mines
 17721 | Orc:1    | Found Pohunnio's Jewellery Shop.
 17907 | Orc:2    | Entered Level 2 of the Orcish Mines
 17907 | Orc:2    | Noticed an orc knight
 17968 | D:12     | Noticed a green ugly thing
 18012 | D:11     | Killed a white ugly thing
 18200 | D:12     | Noticed Jorgrun
 18203 | D:12     | Killed from afar by Jorgrun

Illustrated notes

Levels and vault maps discovered:
D:1:      kilobyte_arrival_exit_the_forest, layout_rooms
D:2:      layout_basic, amethyst_overflow_temple_binary, tgw_fedhas,
          chequers_ecumenical_altar_grove
D:3:      layout_loops_cross, lemuel_crystal_altar,
          nicolae_overflow_crystal_walls, portal_sewer_entry_b, minmay_vboxes
D:4:      layout_gridville, serial_shops, shop, tso_altar, uniq_eustachio,
          uniq_edmund
D:5:      layout_basic, kennysheep_vampire_church,
          eat_drink_and_be_merry_uskayaw
D:6:      layout_basic, minmay_temple_entry_mini_moons, serial_shops,
          kennysheep_little_box, uniq_menkaure
D:7:      layout_basic, gammafunk_temple_overflow_elements, serial_shops, shop,
          minmay_misc_feat_plants
D:8:      layout_loops_corners, lemuel_crystal_altar, ebering_ghost_rock_garden,
          uniq_psyche, uniq_grum, uniq_erica
D:9:      layout_cave_pools, old_standard_altar, kennysheep_mini_moat,
          chequers_temple_overflow_statue_of_worship
D:10:     layout_irregular_city, lair_entry_dummy, jmf_multi_god_temple,
          uniq_josephine
D:11:     layout_loops_ring, orc_0_dummy, uniq_nergalle
D:12:     layout_gridville, serial_shops, shop, uniq_urug, uniq_jorgrun
Orc:1:    layout_caves, minmay_shop_enchanted_jewellery
Orc:2:    st_orc_open, layout_diamond_mine, basic_altar, mines1_david

Skill      XL: |  1  2  3  4  5  6  7  8  9 10 11 |
---------------+----------------------------------+-----
Armour         | 1 2 3 4 5 6 7 |  7.6
Fighting       | 1 2 3 4 5 6 |  6.3
Summonings     | 5 6 7 |  7.3
Spellcasting   | 4 5 7 |  7.0
Throwing       | 1 2 3 4 |  4.8
Maces & Flails | 1 2 3 4 5 7 |  7.0
Invocations    | 1 3 5 6 |  6.6
Shields        | 1 2 4 |  4.7
Short Blades   | |  0.5
Dodging        | |  2.4
Stealth        | |  2.4
Evocations     | |  0.6

Action                   |  1- 3 |  4- 6 |  7- 9 | 10-12 || total
-------------------------+-------+-------+-------+-------++-------
Melee: Dagger            |   194 |   104 |       |       ||   298
       Club              |     7 |       |       |       ||     7
       Unarmed           |     4 |       |       |       ||     4
       Flail             |       |    74 |   513 |   703 ||  1290
Throw: Dart              |    10 |    34 |    72 |    58 ||   174
       Boomerang         |       |       |    54 |    20 ||    74
 Cast: Summon Small Mamm |    18 |    11 |     2 |       ||    31
       Call Imp          |     5 |    20 |    19 |     2 ||    46
       Call Canine Famil |       |       |     6 |     7 ||    13
Invok: Wall of Briars    |       |       |     1 |       ||     1
       Grow Ballistomyce |       |       |       |     4 ||     4
Evoke: Wand              |       |       |     5 |     2 ||     7
  Use: Potion            |     2 |       |     5 |     2 ||     9
       Scroll            |       |       |    19 |     3 ||    22
 Stab: Sleeping          |     3 |     1 |       |       ||     4
       Distracted        |       |       |     1 |     2 ||     3
       Confused          |       |       |       |    11 ||    11
Armor: Robe              |     5 |       |       |       ||     5
       Ring mail         |    93 |    48 |       |       ||   141
       Scale mail        |       |    96 |   490 |   429 ||  1015
Dodge: Dodged            |   155 |   120 |   208 |   174 ||   657
Block: Buckler           |       |       |    48 |       ||    48
       Kite shield       |       |       |    86 |   380 ||   466

Table legend: (Time is in decaauts)
 A = Elapsed time spent in this place.
 B = Non-inter-level travel time spent in this place.
 C = Inter-level travel time spent in this place.
 D = Time resting spent in this place.
 E = Time spent auto-exploring this place.
 F = Levels seen in this place.
 G = Mean time per level.
                   A        B        C        D        E       F      G
               +--------+--------+--------+--------+--------+-----+--------+
         Total |  18562 |  18030 |    532 |   6309 |   7356 |  14 | 1325.9 |
       Dungeon |  18367 |  17840 |    527 |   6309 |   7276 |  12 | 1530.6 |
  Orcish Mines |    195 |    190 |      5 |      0 |     80 |   2 |   97.5 |
               +--------+--------+--------+--------+--------+-----+--------+

Top non-repeatable levels by time:
     D:3: 2688 daAuts
     D:2: 2288 daAuts
    D:10: 2120 daAuts
     D:5: 1838 daAuts
     D:8: 1748 daAuts
     D:4: 1739 daAuts
     D:7: 1464 daAuts
     D:1: 1437 daAuts
    D:11: 1270 daAuts
     D:9: 930 daAuts
     D:6: 708 daAuts
   Orc:1: 191 daAuts
    D:12: 131 daAuts
   Orc:2: 3 daAuts
